 Dungeon Crawl Stone Soup version 0.20-a0-854-g0cc194a (webtiles) character file.

170 nikopol the Shooter (level 5, -4/42 HPs)
             Began as a Centaur Arcane Marksman on Mar 11, 2017.
             Killed from afar by an orc wizard (8 damage)
             ... with a magic dart
             ... on level 2 of the Dungeon.
             The game lasted 00:16:44 (3713 turns).

nikopol the Shooter (Centaur Arcane Marksman)       Turns: 3713, Time: 00:16:45

Health: -4/42      AC:  5    Str: 13    XL:     5   Next: 26%
Magic:  6/7        EV: 10    Int: 12    God:
Gold:   173        SH:  0    Dex: 10    Spells: 4/7 levels left

rFire    . . .     SeeInvis .   z - +0 shortbow
rCold    . . .     Gourm    .   e - +0 robe
rNeg     + . .     Faith    .   (shield currently unavailable)
rPois    .         Spirit   .   (no helmet)
rElec    .         Reflect  .   p - +0 cloak
rCorr    .         Harm     .   (no gloves)
MR       .....                  (no barding)
Stlth    +.........             (no amulet)
Regen    0.2/turn               (no ring)
MPRegen  0.1/turn               g - ring of positive energy

@: very quick
A: hooves 3, deformed body, speed 2, tough skin 3
a: no special abilities


You were on level 2 of the Dungeon.
You were not hungry.

You visited 1 branch of the dungeon, and saw 3 of its levels.

You collected 173 gold pieces.

Inventory:

Hand Weapons
 a - a +0 spear
 z - a +0 shortbow (weapon)
Missiles
 l - 5 arrows (quivered)
Armour
 e - a +0 robe (worn)
 p - a +0 cloak (worn)
Jewellery
 g - a ring of positive energy (left hand)
Scrolls
 b - 2 scrolls of remove curse {unknown}
 d - a scroll of teleportation {unknown}
 h - 2 scrolls of identify {unknown}
 j - a scroll of recharging {unknown}
 k - a scroll of magic mapping {unknown}
 m - a scroll of noise {unknown}
 n - 2 scrolls of blinking {unknown}
 q - a scroll of fear {unknown}
Books
 c - a book of Debilitation

   Spells                             Type                      Level
   a - Corona                         Hexes                        1
   b - Slow                           Hexes                        2
   c - Inner Flame                    Hexes/Fire                   3
   d - Portal Projectile              Hexes/Translocation          3
   e - Cause Fear                     Hexes                        4
   f - Leda's Liquefaction            Hexes/Earth                  4
Comestibles
 f - a bread ration
 i - a meat ration
 o - 2 chunks of flesh


   Skills:
 + Level 2.5 Fighting
 + Level 4.2 Bows
 + Level 2.2 Dodging
 + Level 1.7 Spellcasting
 + Level 3.3 Hexes


You had 4 spell levels left.
You knew the following spells:

 Your Spells              Type           Power        Failure   Level  Hunger
a - Corona                Hex            #......      10%         1    ##.....
b - Slow                  Hex            #.......     12%         2    ###....


Dungeon Overview and Level Annotations

Branches:
Dungeon (3/15)

Altars:
Kikubaaqudgha


Innate Abilities, Weirdness & Mutations

You have hooves in place of feet.
Armour fits poorly on your strangely shaped body.
You cover ground very quickly.
You have extremely tough skin. (AC +3)


Message History

Casting: Slow
Confirm with . or Enter, or press ? or * to list all spells.
Aiming: Corona
Press: ? - help, Shift-Dir - straight line, f/p - orc wizard
Aim: an orc wizard, wielding a dagger and wearing a robe (moderately wounded, fast, chance to defeat MR: 43%)
The orc wizard is outlined in light.
The orc wizard casts a spell at you. The magic dart hits you!
The orc wizard hits you with a dagger.
* * * LOW HITPOINT WARNING * * *
The orc wizard hits you with a dagger.
* * * LOW HITPOINT WARNING * * *
You climb upwards.
There is a stone staircase leading down here.
The orc wizard completely misses you.
The orc wizard gestures at you while chanting.
The magic dart hits you!
* * * LOW HITPOINT WARNING * * *
The orc wizard points at you and mumbles some strange words.
The magic dart hits you!
You die...

#...##....##..###................
#...##....##.......#.#......###..
#.........##.........######## #..
#.........##.#..............# ##.
#.........##.#..............# #.
#............#.....#........####.
..................##..........รท..
...######.....######.###.........
...### #.......@.o.>###.........
.....# #....########............
.....####....#....).#.#..........
.............#.......)#..........
#.........##.#........#....###...
#(....................#....#...##
#.....................#....#...##
#...................#.#....#...##
########........#...#.#....#...##


You could see an orc wizard.

Vanquished Creatures
  7 gnolls
  2 adders
  A worm (D:2)
  3 dart slugs
  4 leopard geckos
  2 orcs (D:3)
  7 giant cockroaches
  6 goblins
  11 hobgoblins
  4 jackals
  A quokka (D:2)
  5 bats
  2 frilled lizards (D:1)
  6 kobolds
  7 rats
68 creatures vanquished.

Vanquished Creatures (others)
  A human (D:3)
1 creature vanquished.

Grand Total: 69 creatures vanquished

Notes
Turn   | Place    | Note
-------+----------+-------------------------------------------
     0 | D:1      | nikopol the Centaur Arcane Marksman began the quest for the Orb.
     0 | D:1      | Reached XP level 1. HP: 16/16 MP: 2/2
   452 | D:1      | Reached skill level 3 in Bows
   452 | D:1      | Reached XP level 2. HP: 23/23 MP: 3/3
  1052 | D:2      | Reached XP level 3. HP: 28/28 MP: 4/4
  1618 | D:1      | Learned a level 2 spell: Slow
  1714 | D:1      | Reached XP level 4. HP: 9/36 MP: 6/6
  2930 | D:1      | Reached skill level 4 in Bows
  2932 | D:1      | Reached XP level 5. HP: 41/41 MP: 7/7
  3375 | D:3      | Found an ancient bone altar of Kikubaaqudgha.
  3376 | D:3      | Noticed a human
  3380 | D:3      | Killed a human
  3713 | D:2      | Killed from afar by an orc wizard

Vault maps used:
D:1:      eino_arrival_druids_welcome
D:2:      minmay_split_cup_small
D:3:      cheibrodos_helix_gallery, tso_altar, tgw_kikubaaqudgha

Skill      XL: |  1  2  3  4 |
---------------+-------------+-----
Bows           | 3 4 |  4.2
Hexes          | 3 |  3.3
Fighting       | 2 |  2.5
Dodging        | 2 |  2.2
Spellcasting   | |  1.7

Action                   |  1- 3 |  4- 6 || total
-------------------------+-------+-------++-------
Melee: Spear             |    35 |    30 ||    65
       Kick              |     4 |     6 ||    10
 Fire: Shortbow          |   102 |   117 ||   219
 Cast: Corona            |    13 |     1 ||    14
       Slow              |       |     5 ||     5
  Eat: Chunk             |     2 |     6 ||     8
Armor: Robe              |    25 |    16 ||    41
Dodge: Dodged            |    36 |    34 ||    70
